Map: Traitor's Exile

Players

Balaustra - Winner!

  • Race: Zerg Zerg
  • Spawn Location: 9:00

PureLegacy - Winner!

  • Race: Terran Terran
  • Spawn Location: 12:00

locos

  • Race: Zerg Zerg
  • Spawn Location: 6:00

gONzO

  • Race: Zerg Zerg
  • League: Master
  • Spawn Location: 5:00

VOD

Have the link to the VOD?

Description

Time

  • Played on: Nov. 29, 2018, 12:08 p.m.
  • Length: 4:17
Show
View Real Time Build Order
Export as new Build Order

Balaustra Zerg - Winner!

Build Orders: Pool First 

Get SALT Encoding   

  12  0:01  Drone  
  13  0:13  Drone  
  14  0:20  Overlord  
  14  0:25  Extractor  
  14  0:27  Drone  
  14  0:39  Drone  
  14  0:40  Drone  
  16  0:52  Spawning Pool  
  16  0:55  Drone  
  16  1:05  Drone  
  17  1:12  Drone  
  18  1:23  Drone  
  19  1:39  Queen  
  21  1:40  Zergling x2  
  21  1:42  Overlord  
  21  1:43  Metabolic Boost  
  22  2:01  Zergling x2  
  23  2:05  Zergling x2  
  24  2:21  Zergling x2  
  25  2:25  Zergling x2  
  26  2:33  Zergling x2  
  27  2:40  Hatchery  
  26  2:45  Zergling x2  
  26  2:48  Overlord  
  26  2:49  Zergling x4  
  29  3:16  Zergling x4  
  31  3:20  Zergling x6  
  31  3:49  Overlord  
  31  3:50  Overlord  
  33  4:14  Roach Warren  
Show
View Real Time Build Order
Export as new Build Order

PureLegacy Terran - Winner!

Build Orders:  

Get SALT Encoding   

  12  0:02  SCV  
  14  0:14  SCV  
  14  0:21  Supply Depot  
  14  0:26  SCV  
  15  0:33  Refinery  
  15  0:43  SCV  
  15  0:45  Barracks  
  16  0:55  SCV  
  17  1:04  Barracks  
  17  1:18  Barracks  
  17  1:21  SCV  
  18  1:35  Reaper  
  19  1:40  Orbital Command  
  19  1:55  Reaper  
  19  1:56  Refinery  
  20  2:03  Supply Depot  
  20  2:07  Reaper  
  21  2:09  SCV  
  21  2:14  Reaper  
  23  2:25  SCV  
  23  2:26  Supply Depot  
  23  2:29  Reaper  
  25  2:37  SCV  
  25  2:39  Reaper  
  27  2:48  Reaper  
  27  2:49  SCV  
  29  3:01  Reaper  
  30  3:07  Command Center  
  30  3:12  Reaper  
  31  3:20  Reaper  
  31  3:22  SCV  
  33  3:38  Reaper  
  34  3:48  SCV  
  35  3:50  Supply Depot  
  35  3:51  Barracks  
  35  3:52  Barracks  
  37  4:00  SCV  
  38  4:12  Engineering Bay  
Show
View Real Time Build Order
Export as new Build Order

locos Zerg 

Build Orders: Pool First 

Get SALT Encoding   

  12  0:02  Drone  
  13  0:13  Overlord  
  13  0:18  Drone  
  14  0:31  Drone x2  
  14  0:35  Drone  
  17  0:45  Drone  
  18  0:54  Spawning Pool  
  17  1:18  Hatchery  
  17  1:24  Drone x3  
  19  1:29  Extractor  
  18  1:36  Drone  
  19  1:42  Queen  
  19  1:46  Overlord  
  21  1:57  Overlord  
  21  2:08  Overlord  
  21  2:21  Queen  
  23  2:23  Drone  
  23  2:29  Drone  
  25  2:30  Drone  
  25  2:32  Queen  
  25  2:35  Metabolic Boost  
  28  2:48  Drone  
  28  2:49  Roach Warren  
  28  2:51  Drone  
  28  2:54  Drone  
  28  2:57  Drone  
  31  3:01  Drone  
  32  3:09  Spine Crawler  
  30  3:16  Extractor  
  27  3:26  Spine Crawler  
  26  3:29  Roach  
  26  3:30  Roach x2  
  32  3:34  Roach  
  32  3:39  Roach  
  36  3:44  Roach  
  40  3:48  Roach  
  40  3:53  Roach  
Show
View Real Time Build Order
Export as new Build Order

gONzO Zerg 

Build Orders: Hatch First 

Get SALT Encoding   

  12  0:01  Drone  
  13  0:13  Overlord  
  13  0:18  Drone  
  14  0:32  Drone x2  
  16  0:53  Hatchery  
  16  0:57  Drone x2  
  17  1:08  Extractor  
  16  1:16  Spawning Pool  
  15  1:19  Drone  
  15  1:23  Drone  
  17  1:26  Drone  
  18  1:35  Drone  
  19  2:03  Queen  
  19  2:04  Zergling x2  
  19  2:05  Queen, Zergling x2  
  19  2:06  Zergling x2  
  19  2:07  Drone  
  27  2:13  Metabolic Boost  
  27  2:21  Drone  
  28  2:32  Drone  
  28  2:34  Overlord  
  28  2:39  Overlord  
  28  2:45  Overlord  
  28  2:50  Baneling Nest  
  24  3:00  Drone x2  
  24  3:01  Drone  
  27  3:10  Drone x3  
  30  3:14  Zergling x2  
  31  3:23  Zergling x6  
  33  3:36  Baneling  
  33  3:37  Zergling x2  
  19  3:47  Zergling x2  
  17  3:54  Drone, Zergling x2  
Tags
 
Add a new tag
Caveats
  • Supply blocks, unpowered buildings, or Contaminate may cause inaccurate times.
  • Supply counts are checked every 10 seconds.